 Dungeon Crawl Stone Soup version 0.25.1-2-g60ff931df9 (webtiles) character file.

Game seed: 14955841040865467410

6092 DildoBatman the Covered (level 11, -4/84 HPs)
             Began as a Formicid Wizard on Aug 12, 2020.
             Was an Elder of Kikubaaqudgha.
             Killed by divine providence
             ... invoked by an orc priest
              (13 damage)
             ... on level 9 of the Dungeon.
             The game lasted 00:42:21 (10484 turns).

DildoBatman the Covered (Formicid Wizard)          Turns: 10484, Time: 00:42:21

Health: -4/84      AC:  8    Str: 11    XL:     11   Next: 12%
Magic:  6/15       EV: 14    Int: 25    God:    Kikubaaqudgha [****..]
Gold:   698        SH:  0    Dex:  9    Spells: 9/16 levels left

rFire    + + .     SeeInvis +   a - +2 short sword (drain)
rCold    + . .     Gourm    .   (no shield)
rNeg     . . .     Faith    .   Q - +2 robe {rC+ rF+}
rPois    .         Spirit   .   (helmet unavailable)
rElec    .         Reflect  .   S - +2 cloak {Stlth+}
rCorr    .         Harm     .   (no gloves)
MR       +....                  (no boots)
Stlth    ++........             (no amulet)
HPRegen  0.24/turn              J - ring of protection from cold
MPRegen  0.14/turn              I - ring "Fidap" {Fire Int+3 SInv}

@: no status effects
A: permanent stasis, dig shafts and tunnels, four strong arms, antennae 3
a: Dig, Shaft Self, Receive Corpses, Renounce Religion


You were on level 9 of the Dungeon.
You worshipped Kikubaaqudgha.
Kikubaaqudgha was greatly pleased with you.
You were near starving.

You visited 2 branches of the dungeon, and saw 10 of its levels.

You collected 698 gold pieces.

Inventory:

Hand Weapons
 a - a +2 short sword of draining (weapon)
 b - a +1 dagger of electrocution
 d - a +3 dagger
 e - a +0 halberd
 f - a +1 vorpal flail
 x - a +1 mace of protection
 R - a +1 long sword of holy wrath
Missiles
 h - 7 boomerangs
 p - 12 sling bullets
 q - 86 bolts
 r - a throwing net
 E - 12 poisoned darts (quivered)
 F - 3 javelins
 K - 61 arrows
 N - 277 stones
 P - 2 datura-tipped darts
Armour
 Q - a +2 robe of resistance (worn)
 S - a +2 cloak of stealth (worn)
 T - a +2 robe of magic resistance
Magical Staves
 A - an uncursed staff of air
Jewellery
 H - an uncursed ring of protection from fire
 I - the ring "Fidap" (right hand) {Fire Int+3 SInv}
   (You found it on level 4 of the Dungeon)

   [ring of fire]

   It enhances your fire magic.
   It affects your intelligence (+3).
   It protects you from fire.
   It makes you vulnerable to cold.
   It lets you see invisible.
 J - a ring of protection from cold (left hand)
Wands
 w - a wand of disintegration (8)
 C - a wand of flame (43)
 L - a wand of random effects (10)
 V - a wand of polymorph (8)
 W - a wand of clouds (5)
Scrolls
 c - 2 scrolls of immolation {unknown}
 g - a scroll of fog {unknown}
 i - a scroll of holy word {unknown}
 j - 4 scrolls of magic mapping {unknown}
 n - 2 scrolls of noise {unknown}
 t - a scroll of fear {unknown}
 u - 5 scrolls of amnesia
 y - 4 scrolls of enchant armour {unknown}
 z - 5 scrolls of identify
 D - a scroll of blinking {unknown}
 O - a scroll of enchant weapon {unknown}
Potions
 k - 2 potions of stabbing
 m - 2 potions of berserk rage {unknown}
 o - 2 potions of invisibility
 s - 3 potions of flight
 B - 5 potions of heal wounds {unknown}
 G - a potion of degeneration {unknown}
 M - a potion of might {unknown}
Comestibles
 v - 13 rations
 U - 6 chunks of flesh


   Skills:
 * Level 7.4 Fighting
 * Level 7.5 Armour
 * Level 6.5 Dodging
 - Level 2.4 Stealth
 - Level 3.2 Spellcasting
 - Level 6.0 Conjurations
   Level 1.0 Summonings
 * Level 2.3 Necromancy
   Level 0.8 Translocations
 - Level 5.0 Fire Magic
 - Level 5.0 Air Magic


You had 9 spell levels left.
You knew the following spells:

 Your Spells              Type           Power        Failure   Level  Hunger
a - Conjure Flame         Conj/Fire      #####...     3%          3    ###....
c - Magic Dart            Conj           ####         1%          1    None
e - Mephitic Cloud        Conj/Pois/Air  ###.....     7%          3    ###....

Your spell library contained the following spells:

 Spells                   Type           Power        Failure   Level  Hunger
 Animate Skeleton         Necr           N/A          3%          1    None
 Pain                     Necr           ###.         3%          1    None
 Poisonous Vapours        Pois/Air       ###...       5%          2    #......
 Sublimation of Blood     Necr           ###.......   6%          2    #......
 Sting                    Tmut/Pois      #...         10%         1    None
 Call Imp                 Summ           #.......     10%         2    #......
 Vampiric Draining        Necr           ###.......   12%         3    ###....
 Slow                     Hex            #.......     16%         2    #......
 Ignite Poison            Fire/Tmut/Pois ###.....     16%         3    ###....
 Animate Dead             Necr           N/A          36%         4    ####...
 Dispel Undead            Necr           ###.....     36%         4    ####...
 Olgreb's Toxic Radiance  Pois           #.......     69%         4    ####...
 Agony                    Necr           ###.....     71%         5    ######.
 Excruciating Wounds      Chrm/Necr      #.........   86%         5    ######.
 Death Channel            Necr           ###.......   99%         6    #######
 Blink                    Tloc           Unusable     N/A         2    N/A

Dungeon Overview and Level Annotations

Branches:
Dungeon (9/15)             Temple (1/1) D:4
   Lair: D:8-11         Orc: D:9-12

Altars:
Ashenzari
Cheibriados
Dithmenos
Elyvilon
Fedhas
Gozag
Hepliaklqana
Kikubaaqudgha
Makhleb
Nemelex Xobeh
Okawaru
Qazlal
Ru
Sif Muna
Trog
Uskayaw
Vehumet
Wu Jian
Xom
Yredelemnul
Zin

Shops:
D:4 %

Annotations:
D:8 Gastronok


Innate Abilities, Weirdness & Mutations

You cannot be hasted, slowed, berserked, paralysed or teleported.
You can dig through walls and to a lower floor.
Your four strong arms can wield two-handed weapons with a shield.
You have a pair of large antennae on your head. (SInv)


Message History

Beogh smites you!
Casting: Mephitic Cloud (dangerous; 7% risk of failure)
Confirm with . or Enter, or press ? or * to list all spells.
Aiming: Mephitic Cloud (dangerous; 7% risk of failure)
Press: ? - help, Shift-Dir - straight line, f/p - troll
Aim: a troll (heavily wounded, confused, lightly drained)
The ball explodes into a vile cloud!
The stinking cloud engulfs the troll but does no damage.
The troll is heavily wounded.
The stinking cloud engulfs the orc priest but does no damage.
The troll is engulfed in noxious fumes.
The troll bites the orc priest but does no damage.
The troll claws the orc priest. x2
The troll bites itself.
The troll claws itself but does no damage.
The troll claws itself!
The orc priest mumbles some strange prayers to Beogh against you.
Beogh smites you!
You die...
Kikubaaqudgha rasps: "You have failed me!
Welcome... death!"

####### #.....#
#.....# #.....#
##.....# ###
.......##### ##.#
...........#
##@##
<.##'##....#
##ยง##
......#....###.##
'##.o.#....##T##
.##....{{..#o##
..#########.##
..# ### ..# o##


You could see a troll (confused, drained) and an orc priest.

Vanquished Creatures
  Pikel (D:5)
  Maurice (D:8)
  Psyche (D:8)
  3 hippogriffs
  Grinder (D:5)
  Prince Ribbit (D:5)
  A wyvern (D:9)
  2 yaks
  A hungry ghost (D:8)
  Menkaure (D:3)
  Duvessa (D:7)
  4 slaves (D:5)
  3 ice beasts
  An orc warrior (D:4)
  2 sky beasts
  2 phantoms
  5 ogres
  3 bullfrogs (D:8)
  Dowan (D:7)
  4 killer bees (D:9)
  3 scorpions
  3 howler monkeys (D:8)
  A crimson imp (D:7)
  A bullfrog zombie (D:5)
  A quasit (D:8)
  9 orc priests
  Crazy Yiuf (D:7)
  5 hounds
  A jelly (D:5)
  A gnoll shaman (D:5)
  3 bullfrog skeletons
  Ijyb (D:1)
  3 iguanas
  5 orc wizards
  8 worker ants
  A hound zombie (D:6)
  A worker ant zombie (D:6)
  8 gnolls
  9 adders
  3 shadow imps
  3 oozes
  3 adder skeletons
  An adder zombie (D:8)
  4 dart slugs
  6 worms
  5 leopard geckos
  48 orcs
  12 bats
  7 giant cockroaches
  7 goblins
  9 hobgoblins
  13 jackals
  5 quokkas
  8 frilled lizards
  A jackal skeleton (D:4)
  7 kobolds
  A quokka skeleton (D:6)
  7 rats
254 creatures vanquished.

Vanquished Creatures (collateral kills)
  2 killer bees (D:9)
2 creatures vanquished.

Vanquished Creatures (others)
  A crimson imp (D:5)
  A worker ant (D:5)
  A gnoll (D:4)
3 creatures vanquished.

Grand Total: 259 creatures vanquished

Notes
Turn   | Place    | Note
-------+----------+-------------------------------------------
     0 | D:1      | DildoBatman the Formicid Wizard began the quest for the
                  | Orb.
     0 | D:1      | Reached XP level 1. HP: 13/13 MP: 4/4
    23 | D:1      | Reached skill level 1 in Conjurations
   177 | D:1      | Reached XP level 2. HP: 19/19 MP: 0/6
   737 | D:1      | Reached XP level 3. HP: 19/24 MP: 7/7
   750 | D:1      | Learned a level 3 spell: Conjure Flame
   754 | D:1      | Learned a level 3 spell: Mephitic Cloud
  1249 | D:2      | Reached XP level 4. HP: 25/30 MP: 1/8
  1553 | D:2      | Found an iron altar of Okawaru.
  1572 | D:2      | You fall into a shaft and drop 2 floors!
  1572 | D:4      | Noticed Menkaure
  2003 | D:2      | Reached XP level 5. HP: 35/35 MP: 4/9
  2542 | D:3      | Noticed an ogre
  2567 | D:3      | Killed an ogre
  2567 | D:3      | Reached skill level 1 in Fire Magic
  2567 | D:3      | Reached skill level 1 in Air Magic
  2567 | D:3      | Reached XP level 6. HP: 32/41 MP: 4/10
  2747 | D:3      | Noticed Ijyb
  3801 | D:4      | Found Jankujaf's Food Shop.
  3838 | D:4      | Reached XP level 7. HP: 40/46 MP: 3/11
  4158 | D:4      | Reached skill level 5 in Conjurations
  4586 | D:4      | Found a staircase to the Ecumenical Temple.
  4626 | Temple   | Entered the Ecumenical Temple
  4779 | Temple   | Became a worshipper of Kikubaaqudgha
  5181 | D:3      | Reached XP level 8. HP: 31/52 MP: 2/12
  5259 | D:1      | Killed Ijyb
  5309 | D:3      | Killed Menkaure
  5518 | D:5      | Entered Level 5 of the Dungeon
  5699 | D:5      | Noticed Grinder
  5726 | D:5      | Identified the ring "Fidap" {Fire Int+3 SInv}
  5968 | D:4      | Reached * piety under Kikubaaqudgha
  5968 | D:4      | Identified Kikubaaqudgha's Tome of Darkness (Kikubaaqudgha
                  | gifted it to you on level 4 of the Dungeon)
  5968 | D:4      | Received a gift from Kikubaaqudgha
  5968 | D:4      | Reached skill level 5 in Fire Magic
  6078 | D:5      | Found a snail-covered altar of Cheibriados.
  6175 | D:5      | Found an iron altar of Okawaru.
  6234 | D:5      | Found a shimmering blue altar of Sif Muna.
  6234 | D:5      | Found a faded altar of an unknown god.
  6241 | D:5      | Found a shattered altar of Ashenzari.
  6241 | D:5      | Noticed Pikel
  6307 | D:5      | Killed Pikel
  6307 | D:5      | Reached skill level 5 in Air Magic
  6307 | D:5      | Reached XP level 9. HP: 62/62 MP: 7/13
  6425 | D:5      | Killed Grinder
  6445 | D:5      | Noticed Prince Ribbit
  6471 | D:5      | Killed Prince Ribbit
  6759 | D:5      | Found a sparkling altar of Nemelex Xobeh.
  6803 | D:5      | Found a hide-covered altar of Uskayaw.
  7408 | D:6      | Reached ** piety under Kikubaaqudgha
  8023 | D:7      | Reached XP level 10. HP: 68/73 MP: 10/14
  8174 | D:7      | Reached skill level 5 in Fighting
  8174 | D:7      | Reached skill level 5 in Armour
  8383 | D:7      | Noticed Duvessa
  8631 | D:7      | Noticed Dowan
  8641 | D:7      | Killed Duvessa
  8641 | D:7      | Reached skill level 5 in Dodging
  8652 | D:7      | Killed Dowan
  8761 | D:7      | Found a runed translucent door.
  8762 | D:7      | Noticed Crazy Yiuf
  8892 | D:7      | Killed Crazy Yiuf
  8949 | D:8      | Noticed Maurice
  8990 | D:8      | Killed Maurice
  9116 | D:8      | Noticed Gastronok
  9164 | D:8      | Noticed Psyche
  9254 | D:8      | Killed Psyche
  9735 | D:9      | Reached *** piety under Kikubaaqudgha
  9735 | D:9      | Identified Kikubaaqudgha's Volume of Necromancy
                  | (Kikubaaqudgha gifted it to you on level 9 of the Dungeon)
  9735 | D:9      | Received a gift from Kikubaaqudgha
  9845 | D:8      | Reached skill level 1 in Necromancy
  9959 | D:9      | Reached XP level 11. HP: 18/84 MP: 0/15
 10315 | D:9      | Reached **** piety under Kikubaaqudgha
 10484 | D:9      | Killed from afar by an orc priest

Illustrated notes

Levels and vault maps discovered:
D:1:      elethiomel_arrival_infinity_welcomes_careful_drivers, layout_basic,
          serial_rivers, chequers_serial_rivers_micro_b,
          chequers_serial_rivers_marsh, chequers_serial_rivers_small_b,
          chequers_serial_rivers_micro_b
D:2:      layout_rooms, okawaru_trees_2
D:3:      layout_loops_ring, minmay_between, uniq_ijyb
D:4:      minmay_thinvault, layout_loops_cross, minmay_temple_entry_trees,
          first_ration, serial_shops, shop, grunt_tough_drop, uniq_menkaure
D:5:      layout_rooms, chequers_temple_overflow_minitemple,
          nicolae_overflow_hidden_temple, kennysheep_slug_shrine, uniq_pikel,
          uniq_prince_ribbit1, uniq_grinder
D:6:      layout_gridville
D:7:      layout_gridville, kennysheep_generic_room_13, uniq_crazy_yiuf_cottage,
          uniq_duvessa
D:8:      layout_rooms, uniq_psyche, uniq_maurice, uniq_gastronok
D:9:      layout_gridville, overflow_temple_1_default, hiddenorc2_lemuel
Temple:   regret_index_temple_sphere_string

Skill      XL: |  1  2  3  4  5  6  7  8  9 10 11 |
---------------+----------------------------------+-----
Conjurations   | 1 2 3 4 5 6 |  6.0
Fire Magic     | 1 2 3 5 |  5.0
Air Magic      | 1 2 3 5 |  5.0
Fighting       | 2 4 7 |  7.4
Armour         | 2 4 7 |  7.5
Dodging        | 2 4 6 |  6.5
Necromancy     | 1 2 |  2.3
Stealth        | |  2.4
Spellcasting   | |  3.2
Summonings     | |  1.0
Translocations | |  0.8

Action                   |  1- 3 |  4- 6 |  7- 9 | 10-12 || total
-------------------------+-------+-------+-------+-------++-------
Melee: Unarmed           |     4 |       |       |       ||     4
       Dagger            |    44 |   101 |   102 |    62 ||   309
       Long sword        |       |       |    80 |     1 ||    81
       Halberd           |       |       |    22 |    33 ||    55
       Flail             |       |       |    19 |    33 ||    52
       Short sword       |       |       |       |    74 ||    74
 Cast: Magic Dart        |    50 |    99 |   174 |    80 ||   403
       Mephitic Cloud    |       |    10 |    23 |    29 ||    62
       Conjure Flame     |       |     3 |    12 |    26 ||    41
 Abil: Dig               |     1 |    10 |    11 |    25 ||    47
Evoke: Wand              |       |     3 |       |     1 ||     4
  Use: Scroll            |       |       |     7 |       ||     7
       Potion            |       |       |       |     4 ||     4
 Stab: Confused          |       |     2 |    11 |     6 ||    19
       Sleeping          |       |       |     2 |       ||     2
  Eat: Chunk             |     1 |    11 |    17 |    14 ||    43
Armor: Robe              |     6 |    17 |     7 |    32 ||    62
       Leather armour    |       |       |    28 |     4 ||    32
Dodge: Dodged            |    44 |    84 |   136 |   139 ||   403
       Rpst.: Long sword |       |       |    18 |       ||    18
